 Dungeon Crawl Stone Soup version 0.23.1-44-gbd83930989 (webtiles) character file.

Game seed: 17242517596343819513

98 PentaManta the Sneak (level 4, 0/31 HPs)
             Began as an Octopode Fighter on Mar 31, 2019.
             Was an Initiate of Dithmenos.
             Killed by divine providence
             ... invoked by an orc priest
              (11 damage)
             ... on level 3 of the Dungeon.
             The game lasted 00:04:17 (1682 turns).

PentaManta the Sneak (Octopode Fighter)             Turns: 1682, Time: 00:04:18

Health: 0/31       AC:  1    Str: 15    XL:     4   Next: 71%
Magic:  4/4        EV: 10    Int: 10    God:    Dithmenos [......]
Gold:   124        SH:  8    Dex: 12    Spells: 3/3 levels left

rFire    . . .     SeeInvis .   a - +0 long sword
rCold    . . .     Gourm    .   b - +1 shield
rNeg     . . .     Faith    .   (helmet restricted)
rPois    .         Spirit   .   (no amulet)
rElec    .         Reflect  .   k - ring of resist corrosion
rCorr    +         Harm     .   (no ring)
MR       .....                  (no ring)
Stlth    +++.......             (no ring)
HPRegen  0.10/turn              (no ring)
MPRegen  0.09/turn              (no ring)
                                (no ring)
                                (no ring)

@: heavily drained
A: almost no armour, stealthy swim, amphibious, 8 rings, constrict 8, camouflage
1, gelatinous body 1
a: Renounce Religion


You were on level 3 of the Dungeon.
You worshipped Dithmenos.
Dithmenos was noncommittal.
You were not hungry.

You visited 1 branch of the dungeon, and saw 3 of its levels.

You collected 124 gold pieces.

Inventory:

Hand Weapons
 a - a +0 long sword (weapon)
Armour
 b - a +1 shield (worn)
Jewellery
 k - a ring of resist corrosion (left tentacle)
Scrolls
 h - 2 scrolls of identify
 i - 2 scrolls of remove curse
Potions
 c - a potion of might
 g - 2 potions of mutation
 l - 2 potions of cancellation
Comestibles
 d - 2 rations


   Skills:
 - Level 3.0(1.4) Fighting
 + Level 2.9(1.3) Long Blades
 + Level 3.7(2.1) Dodging
 * Level 4.1(2.5) Stealth
 - Level 3.0(1.4) Shields


You had 3 spell levels left.
You didn't know any spells.
Your spell library was empty.

Dungeon Overview and Level Annotations

Branches:
Dungeon (3/15)

Altars:
Cheibriados
Dithmenos
The Shining One


Innate Abilities, Weirdness & Mutations

You cannot wear most types of armour.
You are very stealthy in the water. (Stealth+)
You are amphibious.
You can wear up to eight rings at the same time.
You can use your tentacles to constrict eight enemies at once.
Your skin changes colour to match your surroundings (Stealth+).
Your rubbery body absorbs attacks. (AC +1, EV +1)


Message History

Your grab misses the orc wizard.
The orc wizard points at you and mumbles some strange words.
The puff of frost hits you.
You are too injured to fight recklessly!
You are too injured to fight recklessly!
You are too injured to fight recklessly!
You hit the orc wizard. Your grab misses the orc wizard.
The orc wizard is lightly wounded.
The orc wizard hits you with a +0 dagger. x2
You closely miss the orc wizard. Your grab misses the orc wizard.
The orc wizard is lightly wounded.
The orc wizard hits you but does no damage.
You closely miss the orc wizard. You grab the orc wizard.
The orc wizard is lightly wounded.
You constrict the orc wizard.
The orc wizard hits you but does no damage.
An orc priest comes into view.
The orc priest calls down the wrath of Beogh upon you.
Beogh smites you!
You die...

_ #.#<#.#....# ##.# #####
. ###.#.#.###### #..# ?
#...#...# #### .
#.......######S# .
#.......##...#≈# .
..8##............#≈# .o
...##............#≈# ...
...8#............#≈# ....
..[##.......##..@#≈#.....
..8 #.......##...o....o..
>## #.......##...........
#####.......##...........
......###################
#######


You could see an orc priest and an orc wizard.

Vanquished Creatures
  Jessica (D:2)
  A gnoll (D:1)
  2 adders
  A dart slug (D:1)
  4 leopard geckos
  A giant cockroach (D:1)
  4 hobgoblins
  4 jackals (D:2)
  5 bats
  2 frilled lizards (D:2)
  3 goblins (D:2)
  9 kobolds
  4 rats
41 creatures vanquished.

Notes
Turn   | Place    | Note
-------+----------+-------------------------------------------
     0 | D:1      | PentaManta the Octopode Fighter began the quest for the
                  | Orb.
     0 | D:1      | Reached XP level 1. HP: 16/16 MP: 1/1
    75 | D:1      | Reached skill level 1 in Stealth
    78 | D:1      | Reached XP level 2. HP: 17/21 MP: 2/2
   142 | D:1      | Reached skill level 2 in Stealth
   196 | D:1      | Reached XP level 3. HP: 20/26 MP: 3/3
   529 | D:2      | Found a glowing golden altar of the Shining One.
   543 | D:2      | Reached skill level 3 in Stealth
   558 | D:2      | Found a shadowy altar of Dithmenos.
   588 | D:2      | Noticed Jessica
   595 | D:2      | Killed Jessica
   595 | D:2      | Reached XP level 4. HP: 20/31 MP: 4/4
   988 | D:2      | Reached skill level 4 in Stealth
  1472 | D:2      | Became a worshipper of Dithmenos the Shadowed
  1576 | D:3      | Found a snail-covered altar of Cheibriados.
  1682 | D:3      | Killed from afar by an orc priest

Skill      XL: |  1  2  3  4 |
---------------+-------------+-----
Stealth        | 1 2 3 4 |  4.1
Fighting       | |  3.0
Long Blades    | |  2.9
Dodging        | |  3.7
Shields        | |  3.0

Action                   |  1- 3 |  4- 6 || total
-------------------------+-------+-------++-------
Melee: Long sword        |    43 |    24 ||    67
       Constrict         |    15 |     6 ||    21
       Tentacles         |     9 |     6 ||    15
  Use: Scroll            |       |     7 ||     7
 Stab: Sleeping          |     4 |     3 ||     7
  Eat: Ration            |       |     1 ||     1
Armor: Skin              |     6 |     1 ||     7
Dodge: Dodged            |    31 |    12 ||    43
Block: Shield            |    24 |    10 ||    34
       Rpst.: Long sword |    11 |     2 ||    13
